Match 46975612
Unlisted

Match 46975612
End
Construct Infanterie Kompanie
Selects Mechanized Battlegroup
Grenadier Squad
MG 42 Machine Gun Team
Grenadier Squad
Infanterie Officer Quarters
MG 42 Bunker
Construct Luftwaffe Kompanie
MG 42 Bunker
Jäger Squad
221 Scout Car
Support Elements
Medical Station
Selects Raid Package
Selects Spotting Scopes
Construct Panzergrenadier Kompanie
Panzergrenadier Squad
StuG III G Assault Gun
Selects Stoßtruppen Assault Package
Nebelwerfer 42 Rocket Launcher Team
MG 42 Bunker
MAVNE
Sad Pepe
gio_misro
Spoopy Toasts
martbora
сканер яиц
0
0

Comments sign in to comment!

No comments posted yet!